 Dungeon Sprint DCSS version 0.28.0-53-g5a82cb258f (webtiles) character file.

Game seed: 3548813772924992919

23 SanguineChosen the Cudgeller (level 2, -7/43 HPs)
             Began as a Gnoll Cinder Acolyte on June 4, 2022.
             Was a High Priest of Ignis.
             Mangled by an ogre
             ... wielding a +0 giant club
              (21 damage)
             ... in the Dungeon (Sprint I: "Red Sonja").
             The game lasted 00:02:57 (164 turns).

SanguineChosen the Cudgeller (Gnoll Cinder Acolyte)  Turns: 164, Time: 00:02:58

Health: -7/43      AC:  4    Str: 13    XL:     2   Next: 95%
Magic:  4/6        EV: 11    Int: 13    God:    Ignis [*****.]
Gold:   0          SH:  0    Dex:  7    Spells: 5/7 levels left

rFire   + . .      SeeInvis .   a - -1 mace (flame)
rCold   . . .      Faith    .   (no shield)
rNeg    . . .      Spirit   .   j - +1 leather armour {rPois}
rPois   +          Reflect  .   (no helmet)
rElec   .          Harm     .   (no cloak)
rCorr   .          Rampage  .   (no gloves)
Will    .....      NoTele   +   (no boots)
Stlth   ..........              (no amulet)
HPRegen 0.14/turn               (no ring)
MPRegen 0.10/turn               (no ring)

@: berserking, very quick
A: fangs 1, strong nose, distributed training
a: Renounce Religion, Fiery Armour, Foxfire Swarm, Rising Flame


You were in the Dungeon.
You worshipped Ignis.
Ignis was extremely pleased with you.
You visited 1 branch

Inventory:

Hand Weapons
 a - a -1 mace of flaming (weapon)
Armour
 b - a +0 robe
 j - a +1 leather armour of poison resistance (worn)
Wands
 d - a wand of paralysis (4)
Scrolls
 h - a scroll of blinking
Potions
 e - a potion of haste
 f - 2 potions of magic
 i - a potion of mutation {unknown}


   Skills:
 + Level 6.7 Fighting
 + Level 1.6 Short Blades
 + Level 1.6 Long Blades
 + Level 1.6 Axes
 + Level 6.7 Maces & Flails
 + Level 1.6 Polearms
 + Level 1.6 Staves
 + Level 1.6 Slings
 + Level 1.6 Bows
 + Level 1.6 Crossbows
 + Level 1.6 Throwing
 + Level 1.6 Armour
 + Level 1.6 Dodging
 + Level 1.6 Stealth
 + Level 1.6 Shields
 + Level 1.6 Unarmed Combat
 + Level 3.2 Spellcasting
 + Level 1.3 Conjurations
 + Level 1.3 Hexes
 + Level 1.3 Summonings
 + Level 1.3 Necromancy
 + Level 1.3 Translocations
 + Level 1.3 Transmutations
 + Level 5.6 Fire Magic
 + Level 1.3 Ice Magic
 + Level 1.3 Air Magic
 + Level 1.3 Earth Magic
 + Level 1.3 Poison Magic
 + Level 1.9 Invocations
 + Level 1.6 Evocations


You had 5 spell levels left.
You knew the following spells:

 Your Spells              Type           Power      Damage    Failure   Level
a - Scorch                Fire           32%        2d6       4%          2

Your spell library contained the following spells:

 Spells                   Type           Power      Damage    Failure   Level


Dungeon Overview and Level Annotations

Branches:
Dungeon (1/1)

Altars:


Innate Abilities, Weirdness & Mutations

You have very sharp teeth.
Your uncanny sense of smell can sniff out nearby items.
Your experience applies equally to all skills.


Message History

d - a wand of paralysis (4);
i - an orange potion
Things that are here:
a +0 club; a +1 leather armour of poison resistance
j - a +1 leather armour of poison resistance
Okay, then.
You start removing your armour.
You continue taking off your +0 robe. x4
You finish taking off your +0 robe.
You start putting on your armour.
You continue putting on your +1 leather armour of poison resistance. x5
You finish putting on your +1 leather armour of poison resistance.
You feel resistant to poison.
Memorise Scorch, consuming 2 spell levels and leaving 5?
You start memorising the spell.
You continue memorising. x2
You finish memorising.
Spell assigned to 'a'.
You start resting.
HP restored.
There is an open door here.
You open the door.
An ogre comes into view. It is wielding a +0 giant club.
The ogre shouts!
The ogre hits you with a +0 giant club.
There is an open door here.
Casting: Scorch (safe; 4% risk of failure)
Press: ? - help, Q - select action, (/) - cycle Dir - look around, f - activate Flames lash the ogre.
The ogre is moderately wounded.
The ogre's fire resistance burns away.
The ogre hits you with a +0 giant club!!
Ouch! That really hurt!
* * * LOW HITPOINT WARNING * * *
You feel better. The ogre closely misses you.
A red film seems to cover your vision as you go berserk!
You feel yourself moving faster!
You feel mighty! The ogre barely misses you.
You barely miss the ogre. You bite the ogre.
The ogre is moderately wounded.
You thump the ogre! You burn the ogre.
The ogre is almost dead.
The ogre is no longer more vulnerable to fire.
The ogre hits you with a +0 giant club!!
You die...

##########
#<.#..@O.#
∆
#..'..#..+
∆
#.)#####+#
#..# ∆∆
∆∆∆ #..#
∆∆ #..#
#⌠⌠# ####
∆∆


You could see an ogre.

Vanquished Creatures
  Ijyb (D)
1 creature vanquished.

Notes
Turn   | Place    | Note
-------+----------+-------------------------------------------
     0 | D        | SanguineChosen the Gnoll Cinder Acolyte began the quest for
                  | the Orb.
     0 | D        | Reached XP level 1. HP: 23/23 MP: 4/4
     2 | D        | Noticed Ijyb
     2 | D        | Paralysed by Ijyb for 5 turns
    12 | D        | Paralysed by Ijyb for 4 turns
    23 | D        | Paralysed by Ijyb for 2 turns
    25 | D        | Killed Ijyb
    26 | D        | Reached skill level 1 in Short Blades
    26 | D        | Reached skill level 1 in Long Blades
    26 | D        | Reached skill level 1 in Axes
    26 | D        | Reached skill level 1 in Polearms
    26 | D        | Reached skill level 1 in Staves
    26 | D        | Reached skill level 1 in Slings
    26 | D        | Reached skill level 1 in Bows
    26 | D        | Reached skill level 1 in Crossbows
    26 | D        | Reached skill level 1 in Throwing
    26 | D        | Reached skill level 1 in Armour
    26 | D        | Reached skill level 1 in Dodging
    26 | D        | Reached skill level 1 in Stealth
    26 | D        | Reached skill level 1 in Shields
    26 | D        | Reached skill level 1 in Unarmed Combat
    26 | D        | Reached skill level 1 in Conjurations
    26 | D        | Reached skill level 1 in Hexes
    26 | D        | Reached skill level 1 in Summonings
    26 | D        | Reached skill level 1 in Necromancy
    26 | D        | Reached skill level 1 in Translocations
    26 | D        | Reached skill level 1 in Transmutations
    26 | D        | Reached skill level 1 in Ice Magic
    26 | D        | Reached skill level 1 in Air Magic
    26 | D        | Reached skill level 1 in Earth Magic
    26 | D        | Reached skill level 1 in Poison Magic
    26 | D        | Reached skill level 1 in Invocations
    26 | D        | Reached skill level 1 in Evocations
    26 | D        | Reached XP level 2. HP: 17/29 MP: 6/6
    42 | D        | Learned a level 2 spell: Scorch
   158 | D        | Noticed an ogre
   164 | D        | Mangled by an ogre

Illustrated notes

Levels and vault maps discovered:
D:        dungeon_sprint_1 [red_sonja_temple_1, red_sonja_temple_small_1]

Skill      XL: |  1 |
---------------+----+-----
Short Blades   | 1 |  1.6
Long Blades    | 1 |  1.6
Axes           | 1 |  1.6
Polearms       | 1 |  1.6
Staves         | 1 |  1.6
Slings         | 1 |  1.6
Bows           | 1 |  1.6
Crossbows      | 1 |  1.6
Throwing       | 1 |  1.6
Armour         | 1 |  1.6
Dodging        | 1 |  1.6
Stealth        | 1 |  1.6
Shields        | 1 |  1.6
Unarmed Combat | 1 |  1.6
Spellcasting   | 3 |  3.2
Conjurations   | 1 |  1.3
Hexes          | 1 |  1.3
Summonings     | 1 |  1.3
Necromancy     | 1 |  1.3
Translocations | 1 |  1.3
Transmutations | 1 |  1.3
Ice Magic      | 1 |  1.3
Air Magic      | 1 |  1.3
Earth Magic    | 1 |  1.3
Poison Magic   | 1 |  1.3
Invocations    | 1 |  1.9
Evocations     | 1 |  1.6
Fighting       | |  6.7
Maces & Flails | |  6.7
Fire Magic     | |  5.6

Action                   || total
-------------------------++-------
Melee: Mace              ||    14
       Bite              ||     2
 Cast: Scorch            ||     1
  Use: Potion            ||     3
Armor: Robe              ||     1
Dodge: Dodged            ||     8
